 Dungeon Crawl Stone Soup version 0.24.0-29-g8ce449bc06 (webtiles) character file.

Game seed: 7002845757771175538, levelgen mode: deterministic

80100 Flugslaktarn the Cleaver (level 15, -1/142 HPs)
             Began as a Deep Dwarf Fighter on Nov 13, 2019.
             Was the Champion of Makhleb.
             Succumbed to a black mamba's poison
             ... on level 3 of the Snake Pit.
             The game lasted 00:14:51 (14963 turns).

Flugslaktarn the Cleaver (Deep Dwarf Fighter)      Turns: 14963, Time: 00:14:52

Health: -1/142     AC: 23    Str: 25    XL:     15   Next: 22%
Magic:  1/3        EV:  5    Int: 10    God:    Makhleb [******]
Gold:   119        SH: 19    Dex: 12    Spells: 14/14 levels left

rFire    . . .     SeeInvis .   u - +1 hand axe (elec)
rCold    . . .     Gourm    .   M - +0 large shield {reflect}
rNeg     + . .     Faith    .   N - +3 plate armour
rPois    +         Spirit   .   (no helmet)
rElec    .         Reflect  +   D - +0 cloak
rCorr    .         Harm     .   J - +0 pair of gloves
MR       ++...                  E - +0 pair of boots
Stlth    ..........             (no amulet)
HPRegen  0.00/turn              o - ring of poison resistance
MPRegen  0.08/turn              j - +2 ring of slaying

@: lethally poisoned (-1 -> -5), very slightly contaminated, non-regenerating
A: damage resistance, heal wounds, negative energy resistance 1, sense
surroundings 2, no regeneration
a: Heal Wounds, Minor Destruction, Lesser Servant of Makhleb, Major Destruction,
Greater Servant of Makhleb, Renounce Religion


You were on level 3 of the Snake Pit.
You worshipped Makhleb.
Makhleb was exalted by your worship.
You were hungry.

You visited 4 branches of the dungeon, and saw 19 of its levels.

You collected 1003 gold pieces.
You spent 884 gold pieces at shops.

Inventory:

Hand Weapons
 a - a +1 war axe
 u - a +1 hand axe of electrocution (weapon)
   (You took it off an orc on level 3 of the Dungeon)
Armour
 b - a scarf of resistance
   (You found it on level 3 of the Lair of Beasts)
 c - a +0 shield
 D - a +0 cloak (worn)
   (You found it on level 6 of the Dungeon)
 E - a +0 pair of boots (worn)
   (You found it on level 3 of the Lair of Beasts)
 J - a +0 pair of gloves (worn)
   (You found it on level 2 of the Snake Pit)
 M - a +0 large shield of reflection (worn)
   (You found it on level 6 of the Lair of Beasts)
 N - a +3 plate armour (worn)
   (You found it on level 1 of the Snake Pit)
Jewellery
 j - a +2 ring of slaying (right hand)
   (You found it on level 5 of the Dungeon)
 k - an uncursed ring of resist corrosion
   (You took it off a goblin on level 1 of the Dungeon)
 o - a ring of poison resistance (left hand)
   (You found it on level 6 of the Dungeon)
 B - an uncursed ring of fire
   (You found it on level 5 of the Lair of Beasts)
Wands
 f - a wand of clouds (3)
   (You found it on level 6 of the Dungeon)
 v - a wand of digging (7)
   (You found it on level 4 of the Dungeon)
 A - a wand of acid (1)
   (You found it on level 3 of the Lair of Beasts)
 F - a wand of paralysis (9)
   (You took it off Erica on level 8 of the Dungeon)
 H - a wand of enslavement (3)
   (You found it on level 6 of the Lair of Beasts)
 P - a wand of iceblast (7)
   (You took it off a naga sharpshooter on level 2 of the Snake Pit)
Scrolls
 g - 4 scrolls of magic mapping
 i - a scroll of immolation
 l - 3 scrolls of enchant weapon
 m - a scroll of enchant armour
 n - 2 scrolls of fear
 r - 14 scrolls of identify
 t - 6 scrolls of teleportation
 w - 5 scrolls of remove curse
 y - 3 scrolls of holy word
 z - 2 scrolls of blinking
 G - a scroll of brand weapon
 I - 2 scrolls of fog
Potions
 d - 3 potions of might
 h - a potion of haste
 p - 3 potions of lignification
 q - 4 potions of curing
 s - 2 potions of agility
 x - 2 potions of brilliance
 C - 3 potions of invisibility
 K - a potion of magic
 L - 4 potions of heal wounds
 Q - a potion of cancellation {unknown}
Comestibles
 e - 35 rations


   Skills:
 + Level 11.2 Fighting
 - Level 14.5 Axes
 + Level 13.1 Armour
 + Level 13.1 Shields
 + Level 13.0 Invocations
 - Level 10.0 Evocations


You had 14 spell levels left.
You didn't know any spells.
Your spell library was empty.

Dungeon Overview and Level Annotations

Branches:
Dungeon (9/15)             Temple (1/1) D:6            Lair (6/6) D:8
  Swamp (0/4) Lair:3        Snake (3/4) Lair:4        Slime (0/5) Lair:6
    Orc: D:9-12

Altars:
Ashenzari
Cheibriados
Elyvilon
Fedhas
Gozag
Hepliaklqana
Kikubaaqudgha
Makhleb
Nemelex Xobeh
Okawaru
Qazlal
Ru
Sif Muna
Trog
Uskayaw
Vehumet
Wu Jian
Xom
Zin
The Shining One
Jiyva

Shops:
Snake:2 [

Annotations:
D:7 exclusion: door
Lair:5 3 runed translucent doors, Adireryl's ghost, journeyman HOFi
Snake:2 Roxanne


Innate Abilities, Weirdness & Mutations

You are resistant to damage.
You can heal yourself by infusing magical energy.
You resist negative energy. (rN+)
You passively map the area around you.
You do not regenerate.


Message History

The naga sharpshooter is severely wounded.
The bolt of acid hits the naga!!
The naga is splashed with acid.
The acid corrodes the naga!
You kill the naga!
Makhleb accepts your kill.
You feel sick. You block the black mamba's attack.
The naga mage hits you but does no damage.
You block the mana viper's attack.
You block the naga ritualist's attack. x2
You block the shock serpent's attack.
A naga warrior comes into view. It is wielding a +0 short sword.
The black mamba bites you!
* * * LOW HITPOINT WARNING * * *
The naga mage hits you from afar with a +0 spear.
* * * LOW HITPOINT WARNING * * *
Unknown command.
Blink to where?
Press: ? - help, Dir - move target cursor, p - naga sharpshooter
As you read the scroll of blinking, it crumbles to dust.
The sentinel's mark upon you fades away.
You die...

########################
*#......@......SNN.......
*
...........))SSSS.......
*
,......#....)SN§SN)....#
* ,
.########..######NN#### ,
* #..# #(.# *
#####..######S(#**
*.........SS...SSS.... ,
** ........$.....S.N....
* **,
........SS...#.......


You could see a naga ritualist, a mana viper and 3 black mambas.

Vanquished Creatures
  Vashnia (Snake:2)
  2 nagarajas (Snake:2)
  Snorg (Lair:6)
  8 naga warriors
  A hydra (Lair:4)
  7 anacondas
  Erica (D:8)
  A two-headed ogre (D:9)
  11 death yaks
  4 shock serpents
  6 naga sharpshooters
  2 naga ritualists
  5 mana vipers (Snake:1)
  A salamander (Snake:2)
  6 naga magi
  18 black mambas
  A torpor snail (Lair:2)
  2 rime drakes (Lair:6)
  27 spiny frogs
  9 komodo dragons
  A polar bear (Lair:5)
  5 tyrant leeches (Lair:6)
  30 blink frogs
  12 hippogriffs
  7 dream sheep (Lair:4)
  2 wyverns (D:9)
  14 yaks
  2 basilisks
  6 vampire mosquitoes (Lair:6)
  A steam dragon (D:9)
  16 nagas
  Duvessa (D:7)
  14 water moccasins
  5 porcupines
  2 ice beasts (D:9)
  2 orc warriors
  A sky beast (D:9)
  5 necrophages (Lair:3)
  3 ogres
  A black bear (Lair:2)
  18 wolves
  3 phantoms
  4 centaurs
  10 crocodiles
  A big kobold (D:8)
  29 bullfrogs
  2 scorpions (D:6)
  Dowan (D:7)
  4 killer bees (D:8)
  9 wights
  3 bullfrog zombies
  5 crimson imps
  A quasit (D:5)
  A bullfrog skeleton (D:6)
  A gnoll shaman (D:6)
  6 orc priests
  2 hounds
  2 jellies
  12 orc wizards
  An iguana (D:7)
  13 worker ants
  An ogre zombie (D:7)
  11 gnolls
  19 adders
  3 shadow imps
  2 adder skeletons
  2 adder zombies
  2 worms
  3 dart slugs
  5 leopard geckos
  38 orcs
  5 bats
  6 giant cockroaches
  5 goblins
  3 hobgoblins
  13 jackals
  9 kobolds
  2 quokkas
  2 ball pythons
  6 frilled lizards
  A leopard gecko skeleton (D:6)
  A leopard gecko zombie (D:8)
  A quokka skeleton (D:5)
  A quokka zombie (D:5)
  6 rats
  3 fungi
  5 plants
527 creatures vanquished.

Vanquished Creatures (collateral kills)
  Agnes (Snake:1)
  A black mamba (Snake:2)
  2 nagas
4 creatures vanquished.

Vanquished Creatures (others)
  A naga sharpshooter (Snake:2)
  2 shock serpents
  A guardian serpent (Snake:2)
  12 fungi
  26 plants
42 creatures vanquished.

Grand Total: 573 creatures vanquished

Notes
Turn   | Place    | Note
-------+----------+-------------------------------------------
     0 | D:1      | Flugslaktarn the Deep Dwarf Fighter began the quest for the
                  | Orb.
     0 | D:1      | Reached XP level 1. HP: 20/20 MP: 1/1
   336 | D:1      | Reached XP level 2. HP: 22/27 MP: 2/2
   740 | D:2      | Reached skill level 3 in Axes
   740 | D:2      | Reached XP level 3. HP: 33/33 MP: 3/3
  1060 | D:3      | Reached XP level 4. HP: 42/42 MP: 3/3
  1093 | D:3      | Reached skill level 4 in Axes
  1093 | D:3      | Reached XP level 5. HP: 35/49 MP: 3/3
  1406 | D:4      | Noticed a phantom
  1458 | D:4      | Found an iron altar of Okawaru.
  1547 | D:4      | Noticed an ogre
  1572 | D:4      | Killed an ogre
  1572 | D:4      | Reached XP level 6. HP: 27/57 MP: 2/2
  1698 | D:4      | Reached skill level 5 in Axes
  1874 | D:4      | Reached XP level 7. HP: 42/64 MP: 2/2
  1983 | D:4      | Reached skill level 5 in Shields
  1994 | D:4      | Reached skill level 5 in Armour
  2427 | D:5      | Entered Level 5 of the Dungeon
  2473 | D:5      | Reached skill level 6 in Axes
  2867 | D:5      | Reached XP level 8. HP: 36/73 MP: 1/1
  3346 | D:6      | Found a staircase to the Ecumenical Temple.
  3351 | D:6      | Reached skill level 7 in Axes
  3373 | Temple   | Entered the Ecumenical Temple
  3620 | D:6      | Reached skill level 5 in Fighting
  3720 | D:6      | Reached skill level 1 in Evocations
  4072 | D:6      | Found a shattered altar of Ashenzari.
  4141 | D:7      | Reached skill level 8 in Axes
  4142 | D:7      | Noticed a hippogriff
  4147 | D:7      | Killed a hippogriff
  4209 | D:7      | Gained mutation: You passively map the area around you.
                  | [Deep Dwarf growth]
  4209 | D:7      | Reached XP level 9. HP: 51/81 MP: 2/2
  4258 | D:7      | Found a hide-covered altar of Uskayaw.
  4537 | D:7      | Noticed Dowan
  4538 | D:7      | Noticed Duvessa
  4543 | D:7      | Killed Dowan
  4554 | D:7      | Killed Duvessa
  4561 | D:7      | Found a shimmering blue altar of Sif Muna.
  4687 | D:7      | Reached skill level 9 in Axes
  5222 | D:8      | Found a burning altar of Makhleb.
  5222 | D:8      | Found a radiant altar of Vehumet.
  5234 | D:8      | Became a worshipper of Makhleb the Destroyer
  5296 | D:8      | Found a sparkling altar of Nemelex Xobeh.
  5366 | D:8      | Noticed Erica
  5371 | D:8      | Reached skill level 1 in Invocations
  5371 | D:8      | Reached skill level 5 in Evocations
  5386 | D:8      | Killed Erica
  5386 | D:8      | Reached XP level 10. HP: 43/92 MP: 3/5
  5442 | D:8      | Reached skill level 10 in Axes
  5589 | D:8      | Found a staircase to the Lair.
  5909 | Lair:1   | Entered Level 1 of the Lair of Beasts
  5929 | Lair:1   | Noticed a black mamba
  5941 | Lair:1   | Killed a black mamba
  5947 | Lair:1   | HP: 5/138 [poisoned by a black mamba]
  5948 | Lair:1   | HP: 2/92 [poisoned by a black mamba]
  6289 | D:9      | Found a shimmering altar of Xom.
  6359 | D:9      | Noticed a two-headed ogre
  6364 | D:9      | Killed a two-headed ogre
  6364 | D:9      | Reached * piety under Makhleb
  7191 | Lair:1   | Noticed a five-headed hydra
  7711 | Lair:2   | Noticed a death yak
  7712 | Lair:2   | Reached skill level 11 in Axes
  7712 | Lair:2   | Reached XP level 11. HP: 57/100 MP: 5/5
  7712 | Lair:2   | Noticed a death yak
  7714 | Lair:2   | Noticed a death yak
  7719 | Lair:2   | Noticed a death yak
  7744 | Lair:2   | Noticed a death yak
  7750 | Lair:2   | Noticed a death yak
  7750 | Lair:2   | Killed a death yak
  7750 | Lair:2   | Reached skill level 5 in Invocations
  7757 | Lair:2   | Killed a death yak
  7760 | Lair:2   | Killed a death yak
  7765 | Lair:2   | Killed a death yak
  7771 | Lair:2   | Killed a death yak
  7776 | Lair:2   | Killed a death yak
  7782 | Lair:2   | HP: 1/100 [yak (5)]
  7899 | Lair:2   | Reached skill level 12 in Axes
  7953 | Lair:2   | Noticed a death yak
  7954 | Lair:2   | Noticed a death yak
  7981 | Lair:2   | Killed a death yak
  7981 | Lair:2   | Reached ** piety under Makhleb
  8003 | Lair:2   | Killed a death yak
  8039 | Lair:2   | Reached XP level 12. HP: 85/110 MP: 3/3
  8747 | Lair:3   | Found a staircase to the Swamp.
  9374 | Lair:4   | Noticed an eight-headed hydra
  9379 | Lair:4   | Killed an eight-headed hydra
  9385 | Lair:4   | Noticed a death yak
  9386 | Lair:4   | Noticed a death yak
  9386 | Lair:4   | Noticed a death yak
  9407 | Lair:4   | Killed a death yak
  9409 | Lair:4   | Killed a death yak
  9410 | Lair:4   | Killed a death yak
  9541 | Lair:4   | Reached skill level 13 in Axes
  9590 | Lair:4   | Reached skill level 10 in Armour
  9590 | Lair:4   | Reached skill level 10 in Shields
  9974 | Lair:4   | Reached *** piety under Makhleb
 10182 | Lair:4   | Reached skill level 10 in Evocations
 10309 | Lair:4   | Reached XP level 13. HP: 82/118 MP: 5/5
 10429 | Lair:4   | Found a staircase to the Snake Pit.
 10786 | Lair:5   | Found a runed translucent gate.
 10787 | Lair:5   | Found a runed translucent gate.
 10789 | Lair:5   | Found a runed translucent gate.
 10789 | Lair:5   | Noticed Adireryl's ghost (journeyman HOFi)
 11524 | Lair:6   | Entered Level 6 of the Lair of Beasts
 11574 | Lair:6   | Reached **** piety under Makhleb
 11585 | Lair:6   | Reached skill level 14 in Axes
 11696 | Lair:6   | Found a staircase to the Slime Pits.
 11696 | Lair:6   | Found a viscous altar of Jiyva.
 11712 | Lair:6   | Reached ***** piety under Makhleb
 11739 | Lair:6   | Reached skill level 10 in Invocations
 11752 | Lair:6   | Noticed Snorg
 11776 | Lair:6   | Killed Snorg
 12138 | Lair:6   | Gained mutation: You resist negative energy. (rN+) [Deep
                  | Dwarf growth]
 12138 | Lair:6   | Reached XP level 14. HP: 105/130 MP: 6/6
 12683 | Snake:1  | Entered Level 1 of the Snake Pit
 12946 | Snake:1  | Reached skill level 10 in Fighting
 13003 | Snake:1  | HP: 5/132 [shock serpent/bolt of electricity (11)]
 13266 | Snake:1  | Noticed Agnes
 13285 | Snake:1  | Killed Agnes
 14101 | Snake:2  | Noticed Vashnia
 14206 | Snake:2  | Noticed a nagaraja
 14218 | Snake:2  | Killed a nagaraja
 14265 | Snake:2  | Killed Vashnia
 14389 | Snake:2  | Reached XP level 15. HP: 141/141 MP: 6/6
 14489 | Snake:2  | Reached ****** piety under Makhleb
 14576 | Snake:2  | Identified Roxanne's Reference Book on the Mountains
 14576 | Snake:2  | Noticed Roxanne
 14591 | Snake:2  | Found Laoquguduy's Antique Armour Emporium.
 14596 | Snake:2  | Noticed a nagaraja
 14674 | Snake:2  | Killed a nagaraja
 14685 | Snake:2  | Bought a shiny plate armour for 884 gold pieces
 14962 | Snake:3  | HP: 2/142 [black mamba (8)]
 14963 | Snake:3  | Succumbed to a black mamba's poison

Levels and vault maps discovered:
D:1:      saegor_arrival_under_anarchy, layout_loops_corners,
          kennysheep_small_spiral
D:2:      layout_loops_ring, lemuel_doored_altar
D:3:      layout_rooms
D:4:      layout_loops_ring, first_ration, minmay_crystal_room,
          okawaru_ov_weapons_minmay
D:5:      layout_loops_ring
D:6:      layout_loops_ring, marbit_many_paths, minmay_temple_entry_junction_2
D:7:      layout_loops_corners, lemuel_coloured_pillars_altar,
          overflow_temple_1_default, lemuel_mausoleum_altar_yredelemnul,
          uniq_duvessa
D:8:      layout_basic, old_standard_altar,
          grunt_temple_overflow_lords_of_destruction, lair_entry_dummy,
          uniq_erica
D:9:      minmay_opposing_rooms, layout_stronghold, xom_teletrap_fun
Temple:   dshaligram_water_room_temple
Lair:1:   layout_regular_city, lemuel_fruit_tree
Lair:2:   layout_loops_ring
Lair:3:   layout_gridlike, swamp_mist, roderic_carrion_pond, lemuel_fruit_fields
Lair:4:   layout_layer_cave, minmay_snake_entry_six_corridors
Lair:5:   layout_loops_ring, gammafunk_ghost_split
Lair:6:   minmay_lair_end_frog_pond, layout_regular_city, slime_altar_1,
          uniq_snorg
Snake:1:  layout_layer_cave, drop_trap, uniq_agnes
Snake:2:  layout_onion_interference, minmay_shop_star, uniq_roxanne,
          uniq_vashnia
Snake:3:  nicolae_snake_hallway, layout_concentric_octagons, uniq_jorgrun

Skill      XL: |  1  2  3  4  5  6  7  8  9 10 11 12 13 14 15 |
---------------+----------------------------------------------+-----
Axes           | 3 4 5 6 8 9 11 12 13 14 | 14.5
Fighting       | 3 4 5 6 7 8 9 11 | 11.2
Armour         | 4 5 6 7 8 9 10 11 12 13 | 13.1
Shields        | 4 5 6 7 8 9 10 11 12 13 | 13.1
Evocations     | 2 5 6 8 10 | 10.0
Invocations    | 2 4 6 8 10 12 13 | 13.0

Action                   |  1- 3 |  4- 6 |  7- 9 | 10-12 | 13-15 || total
-------------------------+-------+-------+-------+-------+-------++-------
Melee: War axe           |   122 |       |       |       |       ||   122
       Hand axe          |    51 |   275 |   633 |   575 |   898 ||  2432
 Abil: Heal Wounds       |     3 |    13 |    10 |    28 |    26 ||    80
Evoke: Wand              |       |       |       |     9 |    22 ||    31
  Use: Scroll            |     6 |     2 |     3 |     9 |     5 ||    25
       Potion            |       |     1 |     4 |     3 |     3 ||    11
 Stab: Paralysed         |       |       |       |     4 |    11 ||    15
  Eat: Chunk             |     1 |     3 |    13 |    16 |    15 ||    48
Armor: Scale mail        |   102 |   127 |    76 |       |       ||   305
       Chain mail        |       |       |   144 |   131 |       ||   275
       Plate armour      |       |       |       |    37 |   294 ||   331
Dodge: Dodged            |    69 |    79 |   156 |    97 |   121 ||   522
Block: Shield            |   118 |   139 |   309 |   227 |   241 ||  1034
       Large shield      |       |       |       |       |   417 ||   417
       Reflection        |       |       |       |       |    57 ||    57
